 Dungeon Crawl Stone Soup version 0.27-a0-887-gcab673c142 (console) character file.

Game seed: 11127366145113634274

32 jejorda2 the Poker (level 3, 0/30 HPs)
             Began as a Merfolk Berserker on Apr 4, 2021.
             Was a Follower of Trog.
             Succumbed to an adder's poison
             ... on level 2 of the Dungeon.
             The game lasted 00:01:26 (752 turns).

jejorda2 the Poker (Merfolk Berserker)               Turns: 752, Time: 00:01:27

Health: 0/30       AC:  2    Str: 18    XL:     3   Next: 25%
Magic:  3/3        EV: 12    Int:  6    God:    Trog [*.....]
Gold:   21         SH:  0    Dex: 13    Spells: 2/2 levels left

rFire    . . .     SeeInvis .   a - +0 spear
rCold    . . .     Faith    .   (no shield)
rNeg     . . .     Spirit   .   b - +0 animal skin
rPois    .         Reflect  .   (no helmet)
rElec    .         Harm     .   (no cloak)
rCorr    .         Rampage  .   (no gloves)
Will     .....                  (no boots)
Stlth    +.........             (no amulet)
HPRegen  0.10/turn              (no ring)
MPRegen  0.08/turn              (no ring)

@: lethally poisoned (0 -> -2), berserk cooldown, attractive, slowed, very slow
A: (nimble swimmer 2), mertail
a: Renounce Religion, Berserk


You were on level 2 of the Dungeon.
You worshipped Trog.
Trog was aware of your devotion.
You visited 1 branch of the dungeon, and saw 2 of its levels.

You collected 21 gold pieces.

Inventory:

Hand Weapons
 a - a +0 spear (weapon)
Missiles
 g - 11 poisoned darts (quivered)
Armour
 b - a +0 animal skin (worn)
Scrolls
 c - 2 scrolls of immolation {unknown}
 d - a scroll of acquirement {unknown}
 f - a scroll of fog {unknown}


   Skills:
 + Level 3.6 Fighting
 * Level 5.4 Polearms
 + Level 1.7 Armour
 - Level 2.6 Dodging


You had 2 spell levels left.
You didn't know any spells.
Your spell library was empty.

Dungeon Overview and Level Annotations

Branches:
Dungeon (2/15)

Altars:


Innate Abilities, Weirdness & Mutations

((You are quick and stealthy near water. (Stealth+, EV+, Speed+++)))
Your lower body shifts to a powerful aquatic tail in water.


Message History

You miss the adder.
The adder is almost dead.
You feel sick. The adder closely misses you. The adder bites you.
You are more poisoned.
The adder poisons you!
You miss the adder.
The adder is almost dead.
You feel sick. The adder bites you.
* * * LOW HITPOINT WARNING * * *
You are lethally poisoned!
The adder poisons you!
You are too injured to fight recklessly!
You hit the adder.
You kill the adder!
Trog accepts your kill.
* * * LOW HITPOINT WARNING * * *
You feel sick.
You have reached level 3!
Your experience leads to an increase in your attributes!
Increase (S)trength, (I)ntelligence, or (D)exterity?
You feel stronger.
Okay, then.
It was a potion of attraction.
You feel attractive to monsters.
* * * LOW HITPOINT WARNING * * *
You feel sick.
A red film seems to cover your vision as you go berserk!
You feel yourself moving faster!
You feel mighty!
* * * LOW HITPOINT WARNING * * *
You feel sick.
You feel a strong urge to attack something.
You feel sick.
You feel your anger nearly subside.
You are no longer berserk.
You are exhausted.
You feel yourself slow down.
* * * LOW HITPOINT WARNING * * *
You feel sick.
* * * LOW HITPOINT WARNING * * *
You feel sick.
You die...

.......... .......#.#
#...# .......#.# #...##
## .......#.#####....
..#
....###..........###.(#
.##.###.......(......(##
.8#..............(......
.##.......## #..........
.######...####.†@.......
.## #.........$..#..#.
.8#.............####
.########.####..#
.##8###8#.# ####
..........# ..........#
..........# .##8###8#..


There were no monsters in sight!

Vanquished Creatures
  An adder (D:2)
  A dart slug (D:1)
  A bat (D:1)
  An endoplasm (D:1)
  3 giant cockroaches
  A hobgoblin (D:1)
  2 jackals (D:1)
  2 kobolds (D:1)
  A quokka (D:1)
  2 ball pythons (D:1)
  A frilled lizard (D:1)
  2 goblins (D:1)
  2 rats (D:1)
20 creatures vanquished.

Notes
Turn   | Place    | Note
-------+----------+-------------------------------------------
     0 | D:1      | jejorda2 the Merfolk Berserker began the quest for the Orb.
     0 | D:1      | Reached XP level 1. HP: 18/18 MP: 1/1
   285 | D:1      | Reached XP level 2. HP: 24/24 MP: 2/2
   349 | D:1      | Reached skill level 5 in Polearms
   662 | D:2      | Found a faded altar of an unknown god.
   746 | D:2      | Reached XP level 3. HP: 6/30 MP: 3/3
   752 | D:2      | Succumbed to an adder's poison

Illustrated notes

Levels and vault maps discovered:
D:1:      scummos_arrival_forest, layout_rooms
D:2:      layout_basic, basic_ecumenical_altar, serial_corexii_hall,
          corexii_hall_statues_i, chequers_hall_statues_wall_a,
          corexii_hall_statues_deadend, corexii_hall_statues_x,
          corexii_hall_statues_t, chequers_hall_statues_wall_a, uniq_sigmund,
          uniq_terence

Skill      XL: |  1  2 |
---------------+-------+-----
Polearms       | 5 |  5.4
Fighting       | |  3.6
Armour         | |  1.7
Dodging        | |  2.6

Action                   || total
-------------------------++-------
Melee: Spear             ||    71
Throw: Dart              ||     3
Invok: Berserk           ||     1
  Use: Potion            ||     1
 Stab: Sleeping          ||     1
Armor: Animal skin       ||     4
Dodge: Dodged            ||    38

Table legend: (Time is in decaauts)
 A = Elapsed time spent in this place.
 B = Non-inter-level travel time spent in this place.
 C = Inter-level travel time spent in this place.
 D = Time resting spent in this place.
 E = Time spent auto-exploring this place.
 F = Levels seen in this place.
 G = Mean time per level.
                   A        B        C        D        E       F      G
               +--------+--------+--------+--------+--------+-----+--------+
         Total |    741 |    714 |     27 |      0 |    569 |   2 |  370.5 |
       Dungeon |    741 |    714 |     27 |      0 |    569 |   2 |  370.5 |
               +--------+--------+--------+--------+--------+-----+--------+

Top non-repeatable levels by time:
     D:1: 654 daAuts
     D:2: 86 daAuts
